 Dungeon Crawl Stone Soup version 0.26.1-11-gd32895ea62 (webtiles) character file.

Game seed: 13474771859589872234

11419 nothank2 the Basher (level 11, -8/60 HPs)
             Began as a Gargoyle Fighter on July 7, 2021.
             Was a Priest of Hepliaklqana.
             Killed from afar by a molten gargoyle (24 damage)
             ... with a bolt of magma
             ... on level 3 of the Lair of Beasts.
             The game lasted 00:35:25 (12343 turns).

nothank2 the Basher (Gargoyle Fighter)             Turns: 12343, Time: 00:35:26

Health: -8/60      AC: 28    Str: 22    XL:     11   Next: 77%
Magic:  13/13      EV:  9    Int: 10    God:    Hepliaklqana [***...]
Gold:   693        SH: 20    Dex:  9    Spells: 9/10 levels left

rFire    . . .     SeeInvis .   a - +1 flail (venom)
rCold    . . .     Faith    .   y - +3 kite shield
rNeg     + . .     Spirit   .   I - +0 plate armour
rPois    ∞         Reflect  +   l - +2 helmet
rElec    +         Harm     .   (no cloak)
rCorr    .         Rampage  .   V - +0 pair of gloves
Will     +....                  G - +1 pair of boots
Stlth    ..........             p - amulet of reflection
HPRegen  0.20/turn              T - +4 ring of evasion
MPRegen  0.13/turn              E - ring of willpower

@: no status effects
A: reduced essence, negative energy resistance 1, electricity resistance,
unbreathing, petrification resistance, miasma immunity, AC +8
a: Renounce Religion, Recall Ancestor, Ancestor Identity, Transference


You were on level 3 of the Lair of Beasts.
You worshipped Hepliaklqana.
Hepliaklqana was most pleased with you.
You visited 2 branches of the dungeon, and saw 13 of its levels.

You collected 693 gold pieces.

Inventory:

Hand Weapons
 a - a +1 flail of venom (weapon)
Missiles
 o - 3 curare-tipped darts (quivered)
Armour
 l - a +2 helmet (worn)
 y - a +3 kite shield (worn)
 G - a +1 pair of boots (worn)
 I - a +0 plate armour (worn)
 V - a +0 pair of gloves (worn)
Jewellery
 p - an amulet of reflection (around neck)
 r - an uncursed ring of positive energy
 E - a ring of willpower (right hand)
 T - a +4 ring of evasion (left hand)
Wands
 c - a wand of iceblast (11)
 t - a wand of acid (10)
 x - a wand of random effects (26)
 z - a wand of paralysis (10)
 H - a wand of flame (18)
Scrolls
 b - 2 scrolls of immolation
 f - 11 scrolls of identify
 g - 2 scrolls of enchant weapon
 n - 5 scrolls of remove curse
 q - a scroll of magic mapping
 s - 5 scrolls of teleportation
 u - 5 scrolls of amnesia
 C - a scroll of noise
Potions
 d - a potion of might
 e - 6 potions of attraction
 h - a potion of invisibility
 i - a potion of brilliance
 j - 4 potions of haste
 k - 11 potions of curing
 m - 3 potions of heal wounds
 v - 2 potions of mutation
 w - 4 potions of lignification {unknown}
 F - 3 potions of resistance {unknown}
 L - 2 potions of cancellation {unknown}
 M - a potion of flight {unknown}


   Skills:
 - Level 7.1 Fighting
 + Level 13.3 Maces & Flails
 * Level 7.4 Armour
 - Level 10.0 Shields
 - Level 3.0 Invocations


You had 9 spell levels left.
You knew the following spells:

 Your Spells              Type           Power        Failure   Level
a - Magic Dart            Conj           0%           100%        1

Your spell library contained the following spells:

 Spells                   Type           Power        Failure   Level
 Animate Skeleton         Necr           0%           100%        1
 Pain                     Necr           0%           100%        1
 Shock                    Conj/Air       0%           100%        1
 Blink                    Tloc           N/A          100%        2
 Call Imp                 Summ           0%           100%        2
 Searing Ray              Conj           0%           100%        2
 Slow                     Hex            0%           100%        2
 Swiftness                Air            0%           100%        2
 Conjure Flame            Conj/Fire      0%           100%        3
 Dazzling Flash           Conj/Hex       0%           100%        3
 Mephitic Cloud           Conj/Pois/Air  0%           100%        3
 Static Discharge         Conj/Air       0%           100%        3
 Vampiric Draining        Necr           0%           100%        3
 Airstrike                Air            0%           100%        4
 Animate Dead             Necr           0%           100%        4
 Fulminant Prism          Conj/Hex       0%           100%        4
 Iskenderun's Mystic Bla  Conj/Tloc      0%           100%        4
 Agony                    Necr           0%           100%        5
 Lightning Bolt           Conj/Air       0%           100%        5


Dungeon Overview and Level Annotations

Branches:
Dungeon (10/15)            Temple (0/1) D:7            Lair (3/6) D:10
  Swamp: Lair:2-4    Shoals: Lair:2-4     Snake: Lair:2-4    Spider: Lair:2-4
    Orc: D:9-12

Altars:
Cheibriados
Elyvilon
Fedhas
Hepliaklqana
Kikubaaqudgha
Makhleb
Okawaru
Trog
Uskayaw
Vehumet
Wu Jian
Zin
The Shining One

Shops:
D:5 =*

Annotations:
Lair:2 exclusion: oklob plant


Innate Abilities, Weirdness & Mutations

You are resistant to torment.
Your stone body is resilient. (AC +8)
You are immune to poison.
You resist negative energy. (rN+)
You are resistant to electric shocks. (rElec)
You can survive without breathing.
You are immune to petrification.
You are immune to miasma.
Your life essence is reduced to manifest your ancestor. (-10% HP)


Message History

You closely miss the molten gargoyle. The lava snake spits lava at you.
The glob of lava hits Synnove!
Synnove partially resists.
You sock the molten gargoyle!
The molten gargoyle is heavily damaged.
Synnove hits the lava snake with a +0 dagger of draining!
The lava snake dies!
The molten gargoyle hits you with a +0 mace!
You are engulfed in flames!
* * * LOW HITPOINT WARNING * * *
You hit the molten gargoyle but do no damage.
The molten gargoyle is heavily damaged.
Synnove gestures at the molten gargoyle while chanting.
The molten gargoyle resists with almost no effort.
You sock the molten gargoyle!
The molten gargoyle is almost destroyed.
The molten gargoyle blasts magma at you!
The bolt of magma hits you!!
You die...

########
#≈§≈≈≈≈##
##≈≈§≈≈≈≈####
....≈§§≈§§≈≈##
......§R9≈≈≈§#
#§.§@# ≈#
####.## ≈#
##.## ≈≈#
#..##≈≈#
##.≈#§≈##
#.≈≈≈§§#
#..≈§≈≈#
##..≈≈≈##
##≈..≈≈##


You could see the friendly Synnove the hexer and a molten gargoyle.

Vanquished Creatures
  A hydra (Lair:1)
  Erica (Lair:1)
  A cyclops (D:10)
  A molten gargoyle (Lair:3)
  A cane toad (Lair:1)
  A rime drake (Lair:2)
  2 komodo dragons (Lair:1)
  A troll (D:8)
  10 yaks
  A basilisk (Lair:1)
  Edmund (D:6)
  3 wargs (D:10)
  5 water moccasins
  3 orc warriors
  A black bear (D:7)
  A phantom (D:4)
  An ice beast (D:8)
  2 sky beasts
  An ogre (D:7)
  4 wolves (Lair:2)
  3 centaurs
  7 bullfrogs
  A gnoll sergeant (D:10)
  A wyvern skeleton (D:9)
  2 scorpions
  9 killer bees (D:10)
  A bullfrog zombie (D:5)
  A crimson imp (D:9)
  4 lava snakes (Lair:3)
  A quasit (D:10)
  2 bullfrog skeletons (D:4)
  5 hounds
  A centaur skeleton (D:5)
  6 orc priests
  2 jellies (D:7)
  5 orc wizards
  Ijyb (D:4)
  Natasha (thrice) (D:3)
  3 worker ants
  Terence (D:2)
  Robin (D:1)
  2 hound skeletons
  3 gnolls (D:10)
  A worker ant zombie (D:6)
  8 adders
  A shadow imp (D:5)
  2 white imps
  2 ufetubi
  An adder skeleton (D:4)
  An adder zombie (D:6)
  4 worms
  5 dart slugs
  3 leopard geckos
  19 orcs
  6 bats
  5 giant cockroaches
  12 goblins
  6 hobgoblins
  4 jackals (D:4)
  5 kobolds
  A quokka (D:8)
  2 frilled lizards
  3 leopard gecko skeletons
  A quokka zombie (D:7)
  6 rats
205 creatures vanquished.

Vanquished Creatures (collateral kills)
  A cane toad (Lair:1)
  A basilisk (Lair:1)
  A water moccasin (Lair:1)
  A necrophage (D:5)
  An ice beast (D:10)
  A sky beast (D:7)
  An eye of draining (D:10)
  A wolf (Lair:2)
  A centaur (D:9)
  2 ogres
  6 bullfrogs
  A lava snake (Lair:3)
  A jelly (D:10)
  A quasit (D:10)
  A hound (D:5)
  A bullfrog skeleton (D:7)
  An orc wizard (D:10)
  A worker ant (D:5)
  An adder (D:10)
  An ufetubus (D:5)
  4 orcs
  A giant cockroach (D:5)
31 creatures vanquished.

Vanquished Creatures (others)
  2 hexers
  An ancestor (D:8)
  A fungus (Lair:1)
  7 plants
11 creatures vanquished.

Grand Total: 247 creatures vanquished

Notes
Turn   | Place    | Note
-------+----------+-------------------------------------------
     0 | D:1      | nothank2 the Gargoyle Fighter began the quest for the Orb.
     0 | D:1      | Reached XP level 1. HP: 14/14 MP: 1/1
    86 | D:1      | Reached XP level 2. HP: 11/19 MP: 2/2
   494 | D:1      | Reached skill level 3 in Maces & Flails
   866 | D:2      | Noticed Robin
   887 | D:2      | Reached XP level 3. HP: 10/23 MP: 3/3
   894 | D:2      | HP: 1/23 [goblin[Robin] (2)]
   903 | D:2      | HP: 1/23 [bat (1)]
   920 | D:1      | Killed Robin
  1236 | D:2      | Reached skill level 4 in Maces & Flails
  1304 | D:2      | Noticed Terence
  1326 | D:2      | Reached XP level 4. HP: 28/28 MP: 4/4
  1335 | D:2      | Killed Terence
  1993 | D:2      | Learned a level 1 spell: Magic Dart
  2056 | D:3      | Found a glowing silver altar of Zin.
  2130 | D:3      | Reached skill level 5 in Maces & Flails
  2168 | D:3      | Reached XP level 5. HP: 30/32 MP: 5/5
  2515 | D:3      | Noticed Natasha
  2522 | D:3      | Killed Natasha
  2586 | D:3      | Noticed Natasha
  2602 | D:3      | Killed Natasha
  2731 | D:3      | Noticed Natasha
  2744 | D:3      | Killed Natasha
  2801 | D:3      | Reached skill level 6 in Maces & Flails
  3000 | D:4      | Reached XP level 6. HP: 37/37 MP: 6/6
  3185 | D:4      | Found an ornate altar of the Wu Jian Council.
  3336 | D:4      | Reached skill level 7 in Maces & Flails
  3372 | D:4      | Noticed Ijyb
  3376 | D:4      | Killed Ijyb
  3407 | D:4      | Reached XP level 7. HP: 41/41 MP: 7/7
  3753 | D:4      | Found a hazy altar of Hepliaklqana.
  3758 | D:4      | Became a worshipper of Hepliaklqana the Forgotten
  4134 | D:5      | Entered Level 5 of the Dungeon
  4143 | D:5      | Reached skill level 8 in Maces & Flails
  4342 | D:5      | Found Aro Sag's Jewellery Boutique.
  4565 | D:5      | Found Iavupp's Incredible Inventory.
  4770 | D:5      | Reached skill level 9 in Maces & Flails
  4770 | D:5      | Reached XP level 8. HP: 38/41 MP: 8/8
  4923 | D:5      | Found an iron altar of Okawaru.
  4923 | D:5      | Found a bloodstained altar of Trog.
  5203 | D:6      | Noticed Edmund
  5219 | D:6      | Killed Edmund
  5283 | D:6      | Found a snail-covered altar of Cheibriados.
  5323 | D:6      | Reached skill level 10 in Maces & Flails
  5475 | D:6      | Reached skill level 11 in Maces & Flails
  5737 | D:6      | Reached XP level 9. HP: 45/45 MP: 9/9
  5851 | D:6      | Reached * piety under Hepliaklqana
  5985 | D:7      | Reached skill level 5 in Shields
  6075 | D:7      | Found a white marble altar of Elyvilon.
  6124 | D:7      | Found a hide-covered altar of Uskayaw.
  6143 | D:7      | Found a glowing golden altar of the Shining One.
  6186 | D:7      | Found a staircase to the Ecumenical Temple.
  7107 | D:8      | Reached ** piety under Hepliaklqana
  7108 | D:8      | Remembered your ancestor Synnove as a hexer
  7163 | D:8      | Noticed a troll
  7178 | D:8      | Killed a troll
  7204 | D:8      | Reached XP level 10. HP: 48/50 MP: 10/10
  7424 | D:8      | Found a radiant altar of Vehumet.
  7473 | D:8      | Reached skill level 10 in Shields
  8188 | D:9      | Reached *** piety under Hepliaklqana
  8224 | D:9      | Found a burning altar of Makhleb.
  8449 | D:9      | Found an ancient bone altar of Kikubaaqudgha.
  8530 | D:10     | Entered Level 10 of the Dungeon
  8737 | D:10     | Noticed a cyclops
  8738 | D:10     | Killed a cyclops
  8884 | D:10     | Reached skill level 5 in Fighting
  8884 | D:10     | Reached skill level 5 in Armour
  8890 | D:10     | HP: 1/53 [yak (4)]
  9176 | D:10     | Found a staircase to the Lair.
  9540 | D:10     | Reached skill level 12 in Maces & Flails
 10068 | D:10     | Reached XP level 11. HP: 58/58 MP: 11/11
 10199 | Lair:1   | Entered Level 1 of the Lair of Beasts
 10329 | Lair:1   | Noticed Erica
 10340 | Lair:1   | Killed Erica
 10395 | Lair:1   | Reached **** piety under Hepliaklqana
 10627 | Lair:1   | Noticed a five-headed hydra
 10645 | Lair:1   | Killed a five-headed hydra
 10646 | Lair:1   | Reached skill level 1 in Invocations
 10791 | Lair:1   | Reached skill level 13 in Maces & Flails
 11779 | Lair:2   | Found a blossoming altar of Fedhas.
 11803 | Lair:2   | Noticed an oklob plant
 12343 | Lair:3   | Killed from afar by a molten gargoyle

Illustrated notes

Levels and vault maps discovered:
D:1:      minmay_arrival_plants_in_alcoves, layout_loops_cross
D:2:      layout_loops_ring, uniq_terence, uniq_robin
D:3:      layout_basic, lemuel_round_altar, uniq_natasha
D:4:      layout_basic, nzn_hepliaklqana_mist_gate,
          nicolae_overflow_crystal_walls, serial_forest,
          infiniplex_forest_corner_1, infiniplex_forest_zigzag_1,
          infiniplex_forest_clump_large, infiniplex_forest_clump_cross,
          infiniplex_forest_3_way, infiniplex_forest_straight_2, moated_statue,
          kennysheep_nondescript, minmay_between, uniq_ijyb
D:5:      layout_basic, grunt_temple_overflow_bloody_war, serial_shops, shop,
          nicolae_alphabet_shops, grunt_ministairs_6, kennysheep_dice
D:6:      layout_rooms, cheibriados_altar_1, uniq_edmund
D:7:      layout_rooms, overflow_temple_1_default, overflow_temple_1_default,
          eat_drink_and_be_merry_uskayaw, minmay_temple_entry_mini_moons
D:8:      layout_loops_cross, kennysheep_mini
D:9:      wander_river, layout_stronghold, makhleb_grotto_becter,
          lemuel_coloured_pillars_altar
D:10:     layout_loops_corners, erik_lair_orcish_takeover,
          minmay_sticks_and_stones
Lair:1:   layout_regular_city, uniq_erica
Lair:2:   layout_loops_ring, tgw_fedhas
Lair:3:   cheibrodos_magma_flow, layout_regular_city

Skill      XL: |  1  2  3  4  5  6  7  8  9 10 11 |
---------------+----------------------------------+-----
Maces & Flails | 3 4 5 6 7 9 11 12 13 | 13.3
Shields        | 9 10 | 10.0
Fighting       | 6 7 |  7.1
Armour         | 5 7 |  7.4
Invocations    | 3 |  3.0

Action                   |  1- 3 |  4- 6 |  7- 9 | 10-12 || total
-------------------------+-------+-------+-------+-------++-------
Melee: Flail             |   138 |   236 |   318 |   512 ||  1204
Throw: Dart              |       |     1 |     6 |    15 ||    22
Invok: Ancestor Life: He |       |       |     1 |       ||     1
       Ancestor Identity |       |       |     1 |       ||     1
       Recall Ancestor   |       |       |       |     1 ||     1
  Use: Potion            |     2 |       |       |     3 ||     5
       Scroll            |       |     4 |       |    12 ||    16
 Stab: Invisible         |     2 |       |       |       ||     2
       Distracted        |       |       |     2 |     5 ||     7
       Confused          |       |       |       |     1 ||     1
Armor: Scale mail        |    86 |    93 |       |       ||   179
       Ring mail         |       |     3 |   112 |       ||   115
       Plate armour      |       |       |    16 |    62 ||    78
       Ice dragon scales |       |       |       |    90 ||    90
Dodge: Dodged            |    51 |    50 |    62 |    80 ||   243
Block: Kite shield       |    77 |   171 |   251 |   414 ||   913
       Reflection        |       |     5 |     9 |    10 ||    24
